 Dungeon Crawl Stone Soup version 0.21-a0-229-g3587535 (webtiles) character file.

637 Mygna the Carver (level 7, -4/52 HPs)
             Began as a Human Berserker on Sept 1, 2017.
             Was a Priest of Trog.
             Slain by a wyvern (13 damage)
             ... on level 4 of the Dungeon.
             The game lasted 00:08:12 (2805 turns).

Mygna the Carver (Human Berserker)                  Turns: 2805, Time: 00:08:13

Health: -4/52      AC: 10    Str: 21    XL:     7   Next: 79%
Magic:  7/7        EV: 11    Int:  7    God:    Trog [***...]
Gold:   163        SH:  2    Dex: 14    Spells: 6/6 levels left

rFire    . . .     SeeInvis .   r - +0 long sword
rCold    . . .     Gourm    .   (no shield)
rNeg     . . .     Faith    .   n - +0 ring mail
rPois    .         Spirit   .   h - +0 helmet
rElec    .         Reflect  +   e - scarf {repulsion}
rCorr    .         Harm     .   g - +0 pair of gloves
MR       .....                  j - +2 pair of boots
Stlth    +.........             u - +2 amulet of reflection
HPRegen  0.17/turn              o - +3 ring of strength
MPRegen  0.10/turn              (no ring)

@: berserk cooldown, slowed, repel missiles, very slow
A: no striking features
a: Berserk, Trog's Hand, Burn Spellbooks, Renounce Religion


You were on level 4 of the Dungeon.
You worshipped Trog.
Trog was most pleased with you.
You were very hungry.

You visited 1 branch of the dungeon, and saw 6 of its levels.

You collected 163 gold pieces.

Inventory:

Hand Weapons
 a - a +0 falchion
 r - a +0 long sword (weapon)
Armour
 e - a scarf of repulsion (worn)
 g - a +0 pair of gloves (worn)
 h - a +0 helmet (worn)
 j - a +2 pair of boots (worn)
 n - a +0 ring mail (worn)
 q - +0 ice dragon scales
 z - a +0 chain mail
Jewellery
 o - a +3 ring of strength (left hand)
 u - a +2 amulet of reflection (around neck)
 y - a +2 ring of slaying {unknown}
Wands
 m - a wand of lightning (8/15)
Scrolls
 i - 2 scrolls of remove curse
 s - a scroll of recharging
 t - a scroll of noise
 v - 3 scrolls of identify
 w - a scroll of teleportation
 x - a scroll of enchant armour
Potions
 b - a potion of resistance
 f - a potion of brilliance
 l - 3 potions of curing
 A - a potion of heal wounds {unknown}
Comestibles
 c - 5 bread rations
 k - a royal jelly
 p - 4 fruits


   Skills:
 - Level 3.0 Fighting
 + Level 8.5 Long Blades
 - Level 2.0 Armour
 - Level 2.0 Dodging


You had 6 spell levels left.
You didn't know any spells.

Dungeon Overview and Level Annotations

Branches:
Dungeon (6/15)
 Temple: D:4-7

Altars:
Xom

Shops:
D:5 (


Message History

The wyvern bites you! The frilled lizard barely misses you.
Okay, then.
Okay, then.
Okay, then.
Drop what? 27/52 slots (_ for help) (? for menu, Esc to quit)
You drop a book of Minor Magic.
The wyvern misses you. The wyvern bites you.
* * * LOW HITPOINT WARNING * * *
The frilled lizard closely misses you.
The frilled lizard bites you but does no damage.
The wyvern barely misses you.
The frilled lizard bites you but does no damage.
The wyvern bites you!
* * * LOW HITPOINT WARNING * * *
Okay, then.
You feel better. The frilled lizard barely misses you.
The wyvern closely misses you. The frilled lizard bites you.
* * * LOW HITPOINT WARNING * * *
The frilled lizard bites you but does no damage.
The wyvern bites you!
You die...

,,,,,**,#.#####.##*,*****,****,*
,,,,,**,*.........,,,,,,,,* *,*
***,,,,,,,.......##,**,**,****,*
,**,*##,,,,.......,,,,,,,,,,,*,*
,*,,,#...,*#.##..#*,**,**,****,*
**,,,#....##.##..#*,**,**,* *,*
,*,,,#......>##..#,,**,**,* *,*
,**,*#...........#,,**,**,* *,*
,**,*#....##.##l@#,,**,**** *,*
,**,*#.###*#.##ll#,<**,** *,*
#*,,,#**,,,#.....†......* *,*
.,,_,,,,,P....#..#..##..******,*
#*,,,***,..#.......%..<,,,,,,,,*
,**,**,**#*#..#.#...##.#********
,,*,**,,,**...+......*,#
,**,**,,,,...,#.#...##,*
,*,,,*,,,*#..,#.*...**,**


You could see a wyvern and 2 frilled lizards.

Vanquished Creatures
  Grinder (D:4)
  A sky beast (D:5)
  An ogre (D:4)
  A hound (D:4)
  A bullfrog skeleton (D:5)
  An orc wizard (D:4)
  A killer bee zombie (D:5)
  4 gnolls (D:4)
  5 adders
  A worm (D:4)
  2 dart slugs (D:2)
  4 orcs (D:4)
  A ball python (D:1)
  7 giant cockroaches
  8 goblins
  8 hobgoblins
  2 quokkas (D:2)
  10 bats
  5 frilled lizards
  A jackal skeleton (D:5)
  8 kobolds
  9 rats
82 creatures vanquished.

Notes
Turn   | Place    | Note
-------+----------+-------------------------------------------
     0 | D:1      | Mygna the Human Berserker began the quest for the Orb.
     0 | D:1      | Reached XP level 1. HP: 18/18 MP: 1/1
   214 | D:1      | Reached XP level 2. HP: 22/24 MP: 2/2
   611 | D:1      | Found a shimmering altar of Xom.
   837 | D:2      | Reached skill level 4 in Long Blades
   837 | D:2      | Reached XP level 3. HP: 29/29 MP: 3/3
   848 | D:2      | Reached ** piety under Trog
  1172 | D:2      | Reached XP level 4. HP: 35/35 MP: 4/4
  1637 | D:3      | Reached skill level 5 in Long Blades
  1870 | D:3      | Reached *** piety under Trog
  2240 | D:4      | Reached XP level 5. HP: 41/41 MP: 5/5
  2315 | D:4      | Reached skill level 6 in Long Blades
  2460 | D:4      | Reached XP level 6. HP: 40/47 MP: 6/6
  2471 | D:4      | Noticed an ogre
  2474 | D:4      | Killed an ogre
  2597 | D:4      | You fall through a shaft for 2 floors!
  2604 | D:5      | Entered Level 5 of the Dungeon
  2614 | D:5      | Noticed a sky beast
  2616 | D:5      | Found Ifosk's Weapon Shop.
  2626 | D:5      | Killed a sky beast
  2626 | D:5      | Reached skill level 7 in Long Blades
  2626 | D:5      | Reached XP level 7. HP: 33/52 MP: 7/7
  2781 | D:4      | Noticed Grinder
  2787 | D:4      | Killed Grinder
  2787 | D:4      | Reached skill level 8 in Long Blades
  2798 | D:4      | Noticed a wyvern
  2804 | D:4      | HP: 2/52 [wyvern (11)]
  2805 | D:4      | Slain by a wyvern

Vault maps used:
D:1:      lemuel_arrival_hallway, minmay_misc_feat_four_crosses,
          xom_teletrap_fun
D:3:      hangedman_glass_garden, minmay_misc_feat_nine_boxes,
          hangedman_feature_mirror
D:4:      elyvilon_altar_1, first_bread, uniq_grinder
D:5:      serial_shops, shop
D:6:      amethyst_overflow_temple_binary, uniq_edmund

Skill      XL: |  1  2  3  4  5  6  7 |
---------------+----------------------+-----
Long Blades    | 4 5 6 7 8 |  8.5
Fighting       | |  3.0
Armour         | |  2.0
Dodging        | |  2.0

Action                   |  1- 3 |  4- 6 |  7- 9 || total
-------------------------+-------+-------+-------++-------
Melee: Falchion          |    85 |       |       ||    85
       Long sword        |    13 |   129 |    22 ||   164
Invok: Trog's Hand       |       |     1 |     1 ||     2
       Berserk           |       |       |     1 ||     1
  Use: Scroll            |     3 |     6 |       ||     9
       Potion            |       |       |     1 ||     1
  Eat: Chunk             |     1 |     5 |     1 ||     7
Armor: Leather armour    |    10 |       |       ||    10
       Animal skin       |     1 |       |       ||     1
       Ring mail         |    39 |    48 |    12 ||    99
Dodge: Dodged            |    71 |    79 |    21 ||   171
       Deflected         |     4 |       |       ||     4
Block: Other             |       |     3 |     2 ||     5
       Rpst.: Falchion   |    18 |       |       ||    18
       Long sword        |     1 |    28 |     8 ||    37

Table legend:
 A = Spawn XP
 B = Non-spawn XP
 C = Spawn XP percentage of total XP
 D = Spawn monster count
 E = Non-spawn monster count
 F = Spawn count percentage of total count
 G = Total turns spent on level
                    A         B        C        D         E        F      G
               +---------+---------+-------+---------+---------+-------+---------
         Total |      27 |     883 |   3.0 |       8 |      74 |   9.8 |  2805
               +---------+---------+-------+---------+---------+-------+---------
           D:1 |       4 |      24 |  14.3 |       2 |      16 |  11.1 |   834
           D:2 |       8 |      47 |  14.5 |       3 |      22 |  12.0 |   626
           D:3 |      15 |      31 |  32.6 |       3 |      13 |  18.8 |   648
           D:4 |       0 |     565 |   0.0 |       0 |      18 |   0.0 |   513
           D:5 |       0 |     216 |   0.0 |       0 |       5 |   0.0 |   177
               +---------+---------+-------+---------+---------+-------+---------
